 Dungeon Crawl Stone Soup version 0.19.0-19-g8c6edcc (webtiles) character file.

828 lorenzova the Skirmisher (level 7, -17/69 HPs)
             Began as a Deep Dwarf Fighter on Nov 14, 2016.
             Was an Initiate of Makhleb.
             Demolished by an orc warrior
             ... wielding a +0 glaive
              (18 damage)
             ... on level 6 of the Dungeon.
             The game lasted 00:05:29 (3060 turns).

lorenzova the Skirmisher (Deep Dwarf Fighter)       Turns: 3060, Time: 00:05:30

Health: -17/69     AC: 11    Str: 21    XL:     7   Next: 64%
Magic:  7/7        EV: 11    Int:  9    God:    Makhleb [......]
Gold:   320        SH: 10    Dex: 12    Spells: 0 memorised, 6 levels left

rFire  . . .     SeeInvis .     a - +0 war axe
rCold  + . .     Gourm    .     B - +0 leather armour (curse)
rNeg   . . .     Faith    .     c - +1 shield
rPois  .         Spirit   .     (no helmet)
rElec  .         Reflect  .     E - +1 cloak
rCorr  .         Harm     .     o - +0 pair of gloves
MR     +....                    (no boots)
Stlth  +.........               (no amulet)
                                y - +4 ring of protection
                                w - ring of protection from cold

@: non-regenerating
A: damage resistance, recharge devices, sense surroundings 1, slow regeneration
3
a: Device Recharging, Renounce Religion


You were on level 6 of the Dungeon.
You worshipped Makhleb.
Makhleb was noncommittal.
You were not hungry.

You visited 2 branches of the dungeon, and saw 7 of its levels.

You collected 320 gold pieces.

Inventory:

Hand Weapons
 a - a +0 war axe (weapon)
Armour
 b - a +0 scale mail
 c - a +1 shield (worn)
 o - a +0 pair of gloves (worn)
 B - a cursed +0 leather armour (worn)
 E - a +1 cloak (worn)
Jewellery
 i - an uncursed ring of wizardry
 w - a ring of protection from cold (left hand)
 y - a +4 ring of protection (right hand)
Wands
 e - a wand of heal wounds (0/9)
 m - a wand of random effects (13/48)
Scrolls
 g - 2 scrolls of magic mapping
 j - 2 scrolls of identify
 l - a scroll of amnesia {unknown}
 q - 2 scrolls of random uselessness {unknown}
 r - a scroll of remove curse
 t - 3 scrolls of teleportation {unknown}
 x - a scroll of fog {unknown}
Potions
 d - 2 potions of might
 h - 3 potions of berserk rage {unknown}
 k - 2 potions of haste {unknown}
 s - 4 potions of curing {unknown}
 u - 2 potions of lignification {unknown}
 v - a potion of cure mutation {unknown}
 z - a potion of brilliance {unknown}
 A - a potion of agility {unknown}
 C - a potion of invisibility {unknown}
Books
 n - a book of Callings

   Spells                             Type                      Level
   a - Summon Small Mammal            Summoning                    1
   b - Call Imp                       Summoning                    2
   c - Call Canine Familiar           Summoning                    3
   d - Summon Guardian Golem          Hexes/Summoning              3
   e - Summon Lightning Spire         Summoning/Air                4
   f - Summon Ice Beast               Ice/Summoning                4
Comestibles
 f - 3 bread rations
 p - 3 meat rations
 D - a beef jerky


   Skills:
 * Level 6.2 Fighting
 - Level 2.1 Axes
 + Level 5.6 Armour
 + Level 4.4 Dodging
 - Level 3.2 Shields


You had 6 spell levels left.
You didn't know any spells.

Dungeon Overview and Level Annotations

Branches:
Dungeon (6/15)             Temple (1/1) D:6

Altars:
Cheibriados
Dithmenos
Fedhas
Gozag
Makhleb
Okawaru
Ru
Sif Muna
Trog
Uskayaw
Xom


Innate Abilities, Weirdness & Mutations

You are resistant to damage.
You can recharge devices by infusing magical energy.
You passively map a small area around you.
You do not regenerate.


Message History

The orc shouts!
The orc wizard is no longer moving quickly.
You block the centaur skeleton's attack.
The centaur skeleton hits you but does no damage.
The orc warrior hits you but does no damage.
An orc comes into view. It is wielding an enchanted mace.
The orc shouts!
The orc closely misses you. You block the orc's attack.
You block the orc warrior's attack. The orc hits you but does no damage.
You slash the orc!
You kill the orc!
Makhleb accepts your kill.
You hit the orc but do no damage. You hit the centaur skeleton.
You barely miss the orc. The centaur skeleton barely misses you.
You block the orc's attack. The orc warrior closely misses you.
You block the orc's attack. The centaur skeleton hits you.
* * * LOW HITPOINT WARNING * * *
The orc warrior hits you from afar with a glaive!!
You die...

,#..8..##o#
*#..# *
########.# ,
.. * #.#o# *
* ,
#######.#.# *
#.# ,
..........#
#.. *
#######o###,,
### , #o####
, #oZo.#..# *
**
#@o.......,,
....
##)..#..## *
.... *
##.#.#.# .s..
* * .[## ,
... * *.#.# *
.. , *
***.##.# , .
, .#*## * * ,


You could see 2 orc warriors, an orc wizard, 2 orcs and a centaur skeleton.

Vanquished Creatures
  Grinder (D:3)
  A hornet (D:5)
  A centaur (D:6)
  An ogre (D:4)
  A hound (D:3)
  A jelly (D:4)
  An orc priest (D:3)
  Terence (D:2)
  A worker ant (D:5)
  A howler monkey skeleton (D:5)
  2 adders
  An ooze (D:2)
  An adder zombie (D:5)
  3 worms
  A dart slug (D:3)
  2 leopard geckos
  16 orcs
  3 ball pythons
  3 giant cockroaches
  16 goblins
  2 hobgoblins
  A quokka (D:5)
  3 bats
  4 frilled lizards
  8 kobolds
  A leopard gecko skeleton (D:4)
  A leopard gecko zombie (D:5)
  6 rats
84 creatures vanquished.

Notes
Turn   | Place    | Note
-------+----------+-------------------------------------------
     0 | D:1      | lorenzova the Deep Dwarf Fighter began the quest for the Orb.
     0 | D:1      | Reached XP level 1. HP: 20/20 MP: 1/1
   178 | D:1      | Reached skill level 3 in Fighting
   229 | D:1      | Reached XP level 2. HP: 26/28 MP: 2/2
   336 | D:1      | Reached skill level 1 in Dodging
   578 | D:2      | Noticed Terence
   590 | D:2      | Killed Terence
   590 | D:2      | Reached XP level 3. HP: 27/34 MP: 3/3
   659 | D:2      | Reached XP level 4. HP: 33/44 MP: 4/4
   681 | D:2      | Found a shimmering altar of Xom.
   798 | D:2      | Found an opulent altar of Gozag.
   994 | D:3      | Found a shadowy altar of Dithmenos.
  1010 | D:3      | Reached skill level 4 in Fighting
  1026 | D:3      | Noticed Grinder
  1045 | D:3      | Paralysed by Grinder for 2 turns
  1063 | D:3      | Paralysed by Grinder for 2 turns
  1071 | D:3      | Paralysed by Grinder for 4 turns
  1080 | D:3      | Killed Grinder
  1080 | D:3      | Reached XP level 5. HP: 4/51 MP: 5/5
  1080 | D:3      | Reached XP level 6. HP: 5/60 MP: 6/6
  1149 | D:3      | Reached skill level 5 in Fighting
  1173 | D:3      | Found a faded altar of an unknown god.
  2050 | D:4      | Reached skill level 5 in Armour
  2128 | D:5      | Entered Level 5 of the Dungeon
  2163 | D:5      | Noticed a hornet
  2170 | D:5      | Killed a hornet
  2170 | D:5      | Reached skill level 6 in Fighting
  2170 | D:5      | Reached XP level 7. HP: 44/69 MP: 7/7
  2935 | D:6      | Found a staircase to the Ecumenical Temple.
  2939 | Temple   | Entered the Ecumenical Temple
  2950 | Temple   | Became a worshipper of Makhleb the Destroyer
  2972 | D:6      | Found a bloodstained altar of Trog.
  3038 | D:6      | Found an iron altar of Okawaru.
  3060 | D:6      | HP: 1/69 [centaur skeleton (3)]
  3060 | D:6      | Demolished by an orc warrior

Skill      XL: |  1  2  3  4  5  6 |
---------------+-------------------+-----
Fighting       | 3 4 6 |  6.2
Dodging        | 1 3 4 |  4.4
Armour         | 4 5 |  5.6
Axes           | |  2.1
Shields        | |  3.2

Action                   |  1- 3 |  4- 6 |  7- 9 || total
-------------------------+-------+-------+-------++-------
Melee: War axe           |    99 |   144 |    49 ||   292
Evoke: Wand              |       |     5 |       ||     5
  Use: Scroll            |     3 |       |       ||     3
  Eat: Chunk             |       |     3 |     3 ||     6
       Pizza             |       |     1 |       ||     1
Armor: Scale mail        |    56 |    45 |       ||   101
       Leather armour    |       |     4 |    18 ||    22
Dodge: Dodged            |    31 |    67 |    34 ||   132
Block: Shield            |    52 |    97 |    41 ||   190
